 Dungeon Sprint DCSS version 0.26-a0-958-gf3041fb45f (webtiles) character file.

Game seed: 9489491256857904273

43430 Conn the Eclecticist (level 13, -2/59 HPs)
             Began as a Felid Monk on Nov 30, 2020.
             Was the Champion of Vehumet.
             Killed from afar by a tengu reaver (37 damage)
             ... with a bolt of poison
             ... led by Sojobo
             ... in the Dungeon (Sprint IX: "|||||||||||||||||||||||||||||").
             The game lasted 01:15:52 (11737 turns).

Conn the Eclecticist (Felid Monk)                  Turns: 11737, Time: 01:15:56

Health: -2/59      AC:  3    Str:  8    XL:     13   Next: 90%
Magic:  32/36      EV: 30    Int: 15    God:    Vehumet [******]
Gold:   963        SH:  0    Dex: 19    Spells: 20/49 levels left
                                        Lives:  0   Deaths: 4

rFire    . . .     SeeInvis +     - Unarmed
rCold    + . .     Faith    .   (shield unavailable)
rNeg     . . .     Spirit   .   (armour unavailable)
rPois    .         Reflect  .   (helmet unavailable)
rElec    .         Harm     .   (cloak unavailable)
rCorr    .         Rampage  .   (gloves unavailable)
MR       +....     NoTele   +   (boots unavailable)
Stlth    ++++++....             o - amulet of magic regeneration
HPRegen  0.19/turn              b - ring of ice
MPRegen  0.50/turn              p - ring of fire

@: lethally poisoned (-2 -> -13), quick
A: very small, no armour, no weapons or thrown items, stealth, claws 1, fangs 3,
see invisible, speed 1, shaggy fur 3, sharp paws
a: Renounce Religion


You were in the Dungeon.
You worshipped Vehumet.
Vehumet was exalted by your worship.
You visited 1 branch You collected 1951 gold pieces.
You spent 988 gold pieces at shops.

Inventory:

Jewellery
 b - a ring of ice (left paw)
 i - a +3 ring of intelligence
 j - a +3 ring of strength
 o - an amulet of magic regeneration (around neck)
 p - a ring of fire (right paw)
 q - an uncursed ring of magical power
Scrolls
 e - 3 scrolls of remove curse
 l - a scroll of identify
Potions
 a - 4 potions of curing
 d - a potion of magic
 k - a potion of attraction {unknown}


   Skills:
 + Level 8.6 Fighting
 + Level 12.9 Dodging
 + Level 13.5 Stealth
 + Level 12.2 Unarmed Combat
 * Level 18.9 Spellcasting
 * Level 17.6 Conjurations
 + Level 6.1 Hexes
 * Level 14.9 Fire Magic
 + Level 7.4 Ice Magic
 * Level 10.9 Air Magic
 - Level 12.3 Earth Magic
 + Level 4.9 Evocations


You had 20 spell levels left.
You knew the following spells:

 Your Spells              Type           Power        Failure   Level
a - Freeze                Ice            ####         1%          1
b - Freezing Cloud        Conj/Ice/Air   ######....   1%          6
c - Dazzling Flash        Conj/Hex       ######       1%          3
d - Conjure Flame         Conj/Fire      #######.     0%          3
e - Iron Shot             Conj/Erth      ######....   1%          6
f - Bolt of Magma         Conj/Fire/Erth ######....   1%          5
g - Fireball              Conj/Fire      #######...   1%          5

Your spell library contained the following spells:

 Spells                   Type           Power        Failure   Level
 Shatter                  Erth           ######....   99%         9
 Absolute Zero            Ice            ######....   100%        9
 Tornado                  Air            #####.....   100%        9
 Foxfire                  Conj/Fire      ####         0%          1
 Lee's Rapid Deconstruct  Erth           ######....   1%          5


Dungeon Overview and Level Annotations

Branches:
Dungeon (1/1)

Altars:
Cheibriados
Dithmenos
Elyvilon
Fedhas
Gozag
Hepliaklqana
Kikubaaqudgha
Makhleb
Nemelex Xobeh
Okawaru
Qazlal
Ru
Sif Muna
Trog
Uskayaw
Vehumet
Wu Jian
Xom
Yredelemnul
Zin
The Shining One
Beogh
Jiyva
Lugonu

Shops:
D =!(}


Innate Abilities, Weirdness & Mutations

You cannot wear armour.
You are incapable of wielding weapons or throwing items.
Your paws allow you to move quietly. (Stealth)
You have sharp claws.
You have razor-sharp teeth.
You have supernaturally acute eyesight. (SInv)
You cover ground quickly.
Your thick and shaggy fur keeps you warm. (AC +3, rC+)
Your sharp claws are effective at attacking unaware monsters.


Message History

You claw the tengu reaver!
The tengu reaver is lightly wounded.
You scratch the tengu reaver but do no damage.
Your bite misses the tengu reaver.
The tengu reaver is lightly wounded.
The tengu reaver completely misses you. x2; The tengu reaver claws you.
You claw the tengu reaver!
You bite the tengu reaver, but do no damage.
The tengu reaver is moderately wounded.
The tengu reaver hits you with a +2 vorpal long sword.
The tengu reaver completely misses you. The tengu reaver claws you.
You claw the tengu reaver!
The tengu reaver is moderately wounded.
The tengu reaver blocks your attack.
The tengu reaver is moderately wounded.
The tengu reaver casts a spell at you. The bolt of poison hits you!!!
You are poisoned.
Ouch! That really hurt!
You die...

▓▓▓▓▓▓▓▓▓▓▓▓▓▓▓▓▓▓▓▓
▓*Q.▓...▓...▓...▓...
▓.▓@▓.▓.▓.▓.▓.▓.▓.▓.
▓.▓.▓.▓.▓.▓.▓.▓.▓.▓.
▓.▓.▓.▓.▓.▓.▓.▓.▓.▓.
▓)▓.▓.▓.▓.▓.▓.▓.▓.▓'
▓.▓.▓.▓.▓.▓.▓.▓.▓.▓.
▓.▓.▓.▓.▓.▓.▓.▓.▓.▓.
▓.▓.▓.▓.▓.▓.▓.▓.▓.▓[
▓.▓.▓.▓.▓.▓.▓.▓.▓.▓)
▓.▓'▓.▓.▓.▓'▓.▓'▓.▓[


You could see a tengu reaver and a battlesphere.

Vanquished Creatures
  Sojobo (D)
  A lich (D)
  Frances (D)
  A fire giant (D)
  3 frost giants (D)
  An emperor scorpion (D)
  A stone giant (D)
  An entropy weaver (D)
  A very ugly thing (D)
  Nessos (D)
  3 bunyips (D)
  2 spark wasps (D)
  An eleionoma (D)
  A fire dragon (D)
  4 yaktaur captains (D)
  2 merfolk impalers (D)
  3 ice dragons (D)
  Harold (D)
  2 hydras (D)
  2 naga warriors (D)
  2 boulder beetles (D)
  An anaconda (D)
  An anaconda (shapeshifter) (D)
  2 centaur warriors (D)
  2 ogre magi (D)
  A vampire mage (D)
  An alligator (D)
  A tengu warrior (D)
  2 deep troll earth magi (D)
  A deep elf knight (D)
  2 shock serpents (D)
  A sea snake (D)
  2 glowing orange brains (D)
  An unseen horror (D)
  A spriggan druid (D)
  A wizard (D)
  A naga ritualist (D)
  A harpy (D)
  A necromancer (D)
  2 orc knights (D)
  An ugly thing (D)
  4 wolf spiders (D)
  8 orc sorcerers (D)
  3 cyclopes (D)
  A will-o-the-wisp (D)
  2 merfolk sirens (D)
  An elephant (D)
  A black mamba (shapeshifter) (D)
  3 black mambas (D)
  A guardian serpent (D)
  2 cane toads (D)
  4 yaktaurs (D)
  4 komodo dragons (D)
  2 freezing wraiths (D)
  A jumping spider (D)
  3 merfolk (D)
  2 jumping spiders (shapeshifter) (D)
  2 trolls (D)
  A bloated husk (D)
  5 polar bears (D)
  2 hornets (D)
  A tarantella (D)
  2 basilisks (D)
  2 yaks (D)
  Eustachio (D)
  Grum (D)
  An acid dragon (D)
  2 water moccasins (D)
  3 black bears (D)
  12 orc warriors (D)
  An ice beast (D)
  A sky beast (shapeshifter) (D)
  4 wolves (D)
  A boggart (D)
  A centaur (D)
  A big kobold (D)
  7 bullfrogs (D)
  A hound (D)
  3 orc priests (D)
  8 orc wizards (D)
  2 worker ants (D)
  An adder skeleton (D)
  An adder simulacrum (D)
  2 leopard geckos (D)
  7 orcs (D)
  3 goblins (D)
  A hobgoblin (D)
  A kobold (D)
  A quokka (D)
  A quokka skeleton (D)
186 creatures vanquished.

Vanquished Creatures (others)
  34 foxfires (D)
34 creatures vanquished.

Grand Total: 220 creatures vanquished

Notes
Turn   | Place    | Note
-------+----------+-------------------------------------------
     0 | D        | Conn the Felid Monk began the quest for the Orb.
     0 | D        | Reached XP level 1. HP: 10/10 MP: 2/2
    49 | D        | Noticed a worker ant
    52 | D        | Reached skill level 5 in Dodging
    52 | D        | Reached XP level 2. HP: 6/15 MP: 3/3
    62 | D        | Reached XP level 3. HP: 17/18 MP: 4/4
   130 | D        | Found a roughly hewn altar of Beogh.
   130 | D        | Found a snail-covered altar of Cheibriados.
   130 | D        | Found a shadowy altar of Dithmenos.
   130 | D        | Found a white marble altar of Elyvilon.
   130 | D        | Found a blossoming altar of Fedhas.
   130 | D        | Found an opulent altar of Gozag.
   131 | D        | Found a hazy altar of Hepliaklqana.
   132 | D        | Found a viscous altar of Jiyva.
   133 | D        | Found an ancient bone altar of Kikubaaqudgha.
   134 | D        | Found a corrupted altar of Lugonu.
   135 | D        | Found a burning altar of Makhleb.
   136 | D        | Found a sparkling altar of Nemelex Xobeh.
   137 | D        | Found an iron altar of Okawaru.
   138 | D        | Found a stormy altar of Qazlal.
   139 | D        | Found a sacrificial altar of Ru.
   140 | D        | Found a shimmering blue altar of Sif Muna.
   141 | D        | Found a bloodstained altar of Trog.
   142 | D        | Found a hide-covered altar of Uskayaw.
   143 | D        | Found a radiant altar of Vehumet.
   144 | D        | Found an ornate altar of the Wu Jian Council.
   145 | D        | Found a shimmering altar of Xom.
   146 | D        | Found a basalt altar of Yredelemnul.
   147 | D        | Found a glowing silver altar of Zin.
   148 | D        | Found a glowing golden altar of the Shining One.
   151 | D        | Became a worshipper of Vehumet
   151 | D        | Reached * piety under Vehumet
   151 | D        | Offered knowledge of Freeze by Vehumet.
   151 | D        | Reached ** piety under Vehumet
   154 | D        | Learned a level 1 spell: Freeze
   177 | D        | Noticed a yak
   177 | D        | Noticed a bullfrog
   177 | D        | Noticed a big kobold
   177 | D        | Noticed a troll
   192 | D        | Killed a troll
   192 | D        | Offered knowledge of Foxfire by Vehumet.
   193 | D        | Reached skill level 5 in Stealth
   193 | D        | Reached skill level 3 in Spellcasting
   193 | D        | Reached XP level 4. HP: 24/24 MP: 4/10
   193 | D        | Reached XP level 5. HP: 28/28 MP: 4/11
   193 | D        | Gained mutation: You are covered in thick fur. (AC +2)
                  | [Felid growth]
   193 | D        | Reached XP level 6. HP: 31/31 MP: 4/12
   202 | D        | Reached *** piety under Vehumet
   203 | D        | Reached skill level 4 in Spellcasting
   203 | D        | Reached skill level 1 in Evocations
   238 | D        | Learned a level 1 spell: Foxfire
   316 | D        | Killed a yak
   316 | D        | Offered knowledge of Dazzling Flash by Vehumet.
   317 | D        | Reached skill level 1 in Conjurations
   317 | D        | Reached skill level 1 in Fire Magic
   317 | D        | Reached XP level 7. HP: 36/36 MP: 13/15
   362 | D        | Noticed a troll
   362 | D        | Noticed a cyclops
   362 | D        | Noticed an unseen horror
   365 | D        | Reached skill level 5 in Spellcasting
   371 | D        | Killed an unseen horror
   371 | D        | Reached **** piety under Vehumet
   371 | D        | Killed a troll
   372 | D        | Reached skill level 10 in Dodging
   372 | D        | Reached skill level 6 in Spellcasting
   372 | D        | Reached skill level 5 in Ice Magic
   372 | D        | Reached XP level 8. HP: 10/40 MP: 13/18
   615 | D        | Learned a level 3 spell: Dazzling Flash
   630 | D        | Hit by a large rock thrown by a cyclops
   631 | D        | Reached XP level 7. HP: -2/36 MP: 15/17
   690 | D        | Noticed Harold
   745 | D        | Killed Harold
   745 | D        | Offered knowledge of Conjure Flame by Vehumet.
   746 | D        | Reached skill level 10 in Unarmed Combat
   746 | D        | Reached skill level 7 in Spellcasting
   746 | D        | Reached skill level 5 in Conjurations
   746 | D        | Reached skill level 5 in Fire Magic
   746 | D        | Reached XP level 8. HP: 28/40 MP: 7/19
   750 | D        | Learned a level 3 spell: Conjure Flame
   834 | D        | Noticed a polar bear
   927 | D        | Killed a polar bear
   927 | D        | Offered knowledge of Inner Flame by Vehumet.
  1133 | D        | Reached ***** piety under Vehumet
  1133 | D        | Offered knowledge of Iron Shot by Vehumet.
  1141 | D        | Learned a level 6 spell: Iron Shot
  1169 | D        | Noticed a polar bear
  1213 | D        | Killed a polar bear
  1214 | D        | Reached skill level 8 in Spellcasting
  1214 | D        | Reached skill level 1 in Hexes
  1214 | D        | Reached skill level 1 in Earth Magic
  1214 | D        | Reached XP level 9. HP: 31/43 MP: 8/22
  1257 | D        | Noticed a polar bear
  1257 | D        | Noticed a polar bear
  1258 | D        | Noticed a polar bear
  1280 | D        | Killed a polar bear
  1285 | D        | Killed a polar bear
  1297 | D        | Killed a polar bear
  1427 | D        | Noticed a cane toad
  1427 | D        | Noticed an elephant
  1428 | D        | Noticed a komodo dragon
  1637 | D        | Reached skill level 10 in Stealth
  1640 | D        | Killed a cane toad
  1640 | D        | Offered knowledge of Bolt of Magma by Vehumet.
  1647 | D        | Learned a level 5 spell: Bolt of Magma
  1658 | D        | Killed an elephant
  1659 | D        | Reached skill level 9 in Spellcasting
  1665 | D        | Killed a komodo dragon
  1665 | D        | Offered knowledge of Fireball by Vehumet.
  1675 | D        | Reached XP level 10. HP: 12/48 MP: 9/24
  1912 | D        | Learned a level 5 spell: Fireball
  1912 | D        | Noticed a black mamba
  1914 | D        | Killed a black mamba
  1917 | D        | Noticed a cane toad
  2244 | D        | Offered knowledge of Lee's Rapid Deconstruction by Vehumet.
  2245 | D        | Reached skill level 5 in Earth Magic
  2253 | D        | Killed a cane toad
  2254 | D        | Reached skill level 10 in Spellcasting
  2521 | D        | Killed a cyclops
  2645 | D        | Learned a level 5 spell: Lee's Rapid Deconstruction
  2901 | D        | Noticed an orc knight
  3064 | D        | Killed an orc knight
  3064 | D        | Offered knowledge of Lightning Bolt by Vehumet.
  3548 | D        | Noticed an orc sorcerer
  3551 | D        | Paralysed by an orc sorcerer for 6 turns
  3559 | D        | Killed an orc sorcerer
  3634 | D        | Noticed an orc sorcerer
  3635 | D        | Noticed an orc knight
  3638 | D        | Killed an orc sorcerer
  3638 | D        | Reached ****** piety under Vehumet
  3639 | D        | Reached skill level 11 in Spellcasting
  3639 | D        | Reached XP level 11. HP: 51/51 MP: 25/27
  3640 | D        | Offered knowledge of Irradiate by Vehumet.
  3644 | D        | Reached skill level 5 in Hexes
  3678 | D        | Killed an orc knight
  4325 | D        | Found Celekach's Gadget Boutique.
  4325 | D        | Noticed an orc sorcerer
  4325 | D        | Noticed an orc sorcerer
  4325 | D        | Noticed an orc sorcerer
  4326 | D        | Noticed an orc sorcerer
  4329 | D        | Killed an orc sorcerer
  4329 | D        | Noticed an orc sorcerer
  4331 | D        | Killed an orc sorcerer
  4331 | D        | Killed an orc sorcerer
  4331 | D        | Noticed an orc sorcerer
  4332 | D        | Found Atamikuc's Weapon Shop.
  4336 | D        | Killed from afar by an orc sorcerer
  4337 | D        | Reached XP level 10. HP: -9/48 MP: 21/26
  4526 | D        | Killed an orc sorcerer
  4526 | D        | Offered knowledge of Freezing Cloud by Vehumet.
  4542 | D        | Killed an orc sorcerer
  4543 | D        | Reached skill level 12 in Spellcasting
  4667 | D        | Found Isaom's Distillery.
  4672 | D        | Found Oskoac's Jewellery Shop.
  4677 | D        | Killed an orc sorcerer
  4678 | D        | Reached skill level 10 in Conjurations
  4974 | D        | Bought a potion of lignification for 33 gold pieces
  4974 | D        | Bought a potion of heal wounds for 55 gold pieces
  4980 | D        | Bought an uncursed amulet of magic regeneration for 360
                  | gold pieces
  4980 | D        | Bought an uncursed ring of fire for 300 gold pieces
  4980 | D        | Bought an uncursed ring of magical power for 240 gold
                  | pieces
  5041 | D        | Learned a level 6 spell: Freezing Cloud
  5045 | D        | Noticed Grum
  5056 | D        | Reached skill level 1 in Air Magic
  5056 | D        | Killed Grum
  5184 | D        | Noticed a cyclops
  5184 | D        | Noticed a boulder beetle
  5184 | D        | Noticed a seven-headed hydra
  5234 | D        | Killed a seven-headed hydra
  5234 | D        | Offered knowledge of Shatter by Vehumet.
  5234 | D        | Offered knowledge of Tornado by Vehumet.
  5234 | D        | Offered knowledge of Absolute Zero by Vehumet.
  5235 | D        | Reached XP level 11. HP: 30/51 MP: 27/28
  5366 | D        | Killed a boulder beetle
  5384 | D        | Reached skill level 10 in Fire Magic
  5443 | D        | Noticed a tengu warrior
  5445 | D        | Noticed a glowing orange brain
  5447 | D        | Noticed an ogre mage
  5449 | D        | Killed a tengu warrior
  5450 | D        | Killed a glowing orange brain
  5451 | D        | Killed an ogre mage
  5451 | D        | Noticed a stone giant
  5452 | D        | Reached skill level 13 in Spellcasting
  5563 | D        | Killed a stone giant
  5645 | D        | Noticed a fire giant
  5646 | D        | Noticed a spark wasp
  5680 | D        | Killed a fire giant
  5837 | D        | Mangled by a spark wasp
  5838 | D        | Reached XP level 10. HP: -6/72 MP: 24/37
  5863 | D        | Killed a spark wasp
  6102 | D        | Noticed Eustachio
  6107 | D        | Killed Eustachio
  6108 | D        | Reached XP level 11. HP: 51/51 MP: 29/29
  6253 | D        | Noticed Frances
  6264 | D        | Killed Frances
  6265 | D        | Reached skill level 5 in Air Magic
  6321 | D        | Noticed a sea snake
  6321 | D        | Noticed a merfolk impaler
  6321 | D        | Noticed a harpy
  6321 | D        | Noticed a merfolk impaler
  6328 | D        | Killed a harpy
  6329 | D        | Killed a sea snake
  6330 | D        | Reached skill level 14 in Spellcasting
  6330 | D        | Killed a merfolk impaler
  6331 | D        | Killed a merfolk impaler
  6614 | D        | Noticed a shock serpent
  6614 | D        | Noticed a naga warrior
  6614 | D        | Noticed a shock serpent
  6618 | D        | Killed a shock serpent
  6704 | D        | Killed a shock serpent
  6705 | D        | Killed a naga warrior
  6706 | D        | Reached skill level 10 in Earth Magic
  6716 | D        | Gained mutation: Your thick and shaggy fur keeps you warm.
                  | (AC +3, rC+) [Felid growth]
  6716 | D        | Reached XP level 12. HP: 6/56 MP: 14/31
  7059 | D        | Noticed an anaconda
  7066 | D        | Killed an anaconda
  7110 | D        | Noticed a naga warrior
  7117 | D        | Killed a naga warrior
  7233 | D        | Noticed an emperor scorpion
  7233 | D        | Noticed a spark wasp
  7234 | D        | Noticed an entropy weaver
  7240 | D        | Reached skill level 15 in Spellcasting
  7243 | D        | Killed a spark wasp
  7616 | D        | Killed an emperor scorpion
  7709 | D        | Killed an entropy weaver
  7904 | D        | Noticed an alligator
  7904 | D        | Noticed a bunyip
  7904 | D        | Noticed a bunyip
  7904 | D        | Noticed a seven-headed hydra
  7904 | D        | Noticed a bunyip
  7911 | D        | Killed a seven-headed hydra
  7914 | D        | Killed a bunyip
  7915 | D        | Killed a bunyip
  7916 | D        | Killed a bunyip
  7916 | D        | Killed an alligator
  7947 | D        | Reached XP level 13. HP: 34/59 MP: 9/33
  7947 | D        | Noticed an eleionoma
  8085 | D        | Killed an eleionoma
  8086 | D        | Reached skill level 16 in Spellcasting
  8492 | D        | Noticed a frost giant
  8492 | D        | Noticed a lich
  8504 | D        | Noticed a Brimstone Fiend
  8504 | D        | Killed a lich
  8505 | D        | Killed from afar by an ice dragon
  8506 | D        | Reached XP level 12. HP: -25/56 MP: 16/42
  9207 | D        | Killed an ice dragon
  9208 | D        | Reached skill level 15 in Conjurations
  9216 | D        | Killed a frost giant
  9245 | D        | Killed a vampire mage
  9265 | D        | Noticed a deep troll earth mage
  9333 | D        | Killed a deep troll earth mage
  9351 | D        | Noticed a yaktaur captain
  9386 | D        | Killed a yaktaur captain
  9395 | D        | Killed a yaktaur captain
  9611 | D        | Noticed an ice dragon
  9617 | D        | Killed an ice dragon
  9656 | D        | Noticed a brown very ugly thing
  9662 | D        | Killed a brown very ugly thing
  9713 | D        | Noticed a deep troll earth mage
  9718 | D        | Killed a deep troll earth mage
  9719 | D        | Reached skill level 17 in Spellcasting
  9772 | D        | Noticed a centaur warrior
  9780 | D        | Killed a centaur warrior
  9797 | D        | Noticed a fire dragon
  9800 | D        | Killed a fire dragon
  9839 | D        | Reached XP level 13. HP: 59/59 MP: 32/35
 10317 | D        | Reached skill level 10 in Air Magic
 10322 | D        | Reached skill level 18 in Spellcasting
 10604 | D        | Noticed a frost giant
 10608 | D        | Noticed a frost giant
 10611 | D        | Killed a frost giant
 10759 | D        | Killed a frost giant
 11087 | D        | Noticed Nessos
 11106 | D        | Killed Nessos
 11159 | D        | Noticed Sojobo
 11175 | D        | Noticed a tengu reaver
 11179 | D        | Noticed a tengu reaver
 11385 | D        | Killed Sojobo
 11737 | D        | Killed from afar by a tengu reaver

Illustrated notes

Levels and vault maps discovered:
D:        linesprint [early_d, line_temple, items_1, d_10, items_2, lair_1,
          lair_end, items_3, orc_1, orc_end, items_4, d_15, swamp_1, shoals_1,
          snake_1, spider_1, d_20, vaults_1, items_5, swamp_end, shoals_end,
          snake_end, spider_end, vaults_end, d_27, items_6, zot_1, zot_end,
          crypt_end, forest_end, elf_end, slime_end, tomb_end, abyss_end,
          pan_hell_end]

Skill      XL: |  1  2  3  4  5  6  7  8  9 10 11 12 13 |
---------------+----------------------------------------+-----
Dodging        | 5 8 9 10 11 12 | 12.9
Stealth        | 3 5 6 8 9 11 12 13 | 13.5
Fighting       | 4 6 7 8 |  8.6
Unarmed Combat | 4 7 8 10 11 12 | 12.2
Spellcasting   | 3 4 7 8 9 12 14 17 18 | 18.9
Ice Magic      | 3 4 5 6 7 |  7.4
Evocations     | 1 3 4 |  4.9
Conjurations   | 1 5 7 12 13 16 17 | 17.6
Fire Magic     | 1 5 6 8 11 13 14 | 14.9
Hexes          | 1 3 4 6 |  6.1
Earth Magic    | 1 4 9 10 12 | 12.3
Air Magic      | 2 6 9 10 | 10.9

Action                   |  1- 3 |  4- 6 |  7- 9 | 10-12 | 13-15 || total
-------------------------+-------+-------+-------+-------+-------++-------
Melee: Unarmed           |    26 |    14 |    46 |    70 |    17 ||   173
       Bite              |     2 |     3 |     5 |    10 |     2 ||    22
       Punch             |       |       |     3 |     2 |     2 ||     7
 Cast: Freeze            |       |     5 |     6 |    14 |       ||    25
       Foxfire           |       |       |    20 |    17 |       ||    37
       Dazzling Flash    |       |       |    24 |    19 |       ||    43
       Conjure Flame     |       |       |     5 |     8 |       ||    13
       Bolt of Magma     |       |       |     4 |   121 |    46 ||   171
       Fireball          |       |       |       |    34 |     6 ||    40
       Iron Shot         |       |       |       |    44 |    19 ||    63
       Freezing Cloud    |       |       |       |    14 |     7 ||    21
Evoke: Wand              |     3 |       |     7 |     8 |       ||    18
  Use: Potion            |     3 |       |     2 |    18 |     4 ||    27
       Scroll            |       |       |       |     6 |     3 ||     9
 Stab: Sleeping          |     2 |       |     1 |     9 |       ||    12
       Invisible         |       |       |    12 |     2 |       ||    14
       Distracted        |       |       |       |       |     1 ||     1
Armor: Skin              |       |       |     1 |     5 |     1 ||     7
Dodge: Dodged            |    10 |    15 |    62 |   125 |    57 ||   269

Table legend: (Time is in decaauts) A = Elapsed time spent in this place. B = Non-inter-level travel time spent in this place. C = Inter-level travel time spent in this place. D = Time resting spent in this place. E = Time spent auto-exploring this place. F = Levels seen in this place. G = Mean time per level. A B C D E F G +--------+--------+--------+--------+--------+-----+--------+ Total | 10792 | 10601 | 191 | 6410 | 863 | 1 | 10792.0 | Dungeon | 10792 | 10601 | 191 | 6410 | 863 | 1 | 10792.0 | +--------+--------+--------+--------+--------+-----+--------+

Top non-repeatable levels by time:
       D: 10792 daAuts
